 Dungeon Crawl Stone Soup version 0.29.1-15-g9cfb28693d (webtiles) character file.

Game seed: 12469325647846462647

168 monsoonserge the Trooper (level 5, -17/43 HPs)
             Began as a Palentonga Fighter on May 1, 2023.
             Demolished by Crazy Yiuf
             ... wielding a +2 quarterstaff of chaos
              (18 damage)
             ... on level 3 of the Dungeon.
             The game lasted 00:07:52 (3043 turns).

monsoonserge the Trooper (Palentonga Fighter)       Turns: 3043, Time: 00:07:52

Health: -17/43     AC:  9    Str: 23    XL:     5   Next: 23%
Magic:  5/5        EV:  8    Int:  8    God:
Gold:   216        SH:  4    Dex: 10    Spells: 4/4 levels left

rFire   . . .      SeeInvis +   a - +0 war axe
rCold   . . .      Faith    .   c - +0 buckler
rNeg    . . .      Spirit   .   t - +0 ring mail
rPois   .          Reflect  .   l - +2 helmet
rElec   .          Harm     .   (no cloak)
rCorr   .          Rampage  .   (no gloves)
Will    .....                   (no barding)
Stlth   ..........              (no amulet)
HPRegen 0.14/turn               (no ring)
MPRegen 0.09/turn               (no ring)

@: slowed, very slow
A: large, rugged brown scales 3, see invisible, deformed body, roll 1, armoured
tail
a: Rolling Charge


You were on level 3 of the Dungeon.
You visited 1 branch of the dungeon, and saw 3 of its levels.

You collected 216 gold pieces.

Inventory:

Hand Weapons
 a - a +0 war axe (weapon)
 i - a +1 vorpal shortbow
Missiles
 e - 24 stones
 j - 10 poisoned darts
Armour
 b - a +0 scale mail
 c - a +0 buckler (worn)
 l - a +2 helmet (worn)
 t - a +0 ring mail (worn)
Wands
 n - a wand of acid (13)
Scrolls
 g - a scroll of fear {unknown}
 h - 3 scrolls of teleportation {unknown}
 o - a scroll of identify {unknown}
 r - a scroll of immolation {unknown}
Potions
 d - a potion of might
 f - 2 potions of curing {unknown}
 k - a potion of heal wounds {unknown}
 m - a potion of magic {unknown}
 p - 2 potions of degeneration {unknown}
 q - 2 potions of mutation {unknown}
 s - 2 potions of haste {unknown}


   Skills:
 + Level 3.5 Fighting
 + Level 3.5 Axes
 + Level 3.5 Armour
 + Level 1.0 Dodging
 + Level 3.0 Shields


You had 4 spell levels left.
You didn't know any spells.
Your spell library contained the following spells:

 Spells                   Type           Power      Damage    Failure   Level
 Apportation              Tloc           0%         N/A       63%         1
 Necrotise                Necr           0%         1d4       63%         1
 Summon Small Mammal      Summ           0%         N/A       63%         1
 Ozocubu's Armour         Ice            0%         N/A       94%         3
 Airstrike                Air            0%         2d(0-16)  100%        4
 Anguish                  Hex/Necr       0%         N/A       100%        4
 Summon Lightning Spire   Summ/Air       0%         N/A       100%        4
 Lightning Bolt           Conj/Air       0%         1d11      100%        5
 Metabolic Englaciation   Hex/Ice        0%         N/A       100%        5
 Simulacrum               Ice/Necr       0%         N/A       100%        6
 Enfeeble                 Hex            0%         N/A       100%        7


Dungeon Overview and Level Annotations

Branches:
Dungeon (3/15)

Altars:

Annotations:
D:3 Crazy Yiuf


Innate Abilities, Weirdness & Mutations

You are completely covered in rugged brown scales. (AC +3, +7% HP)
You have supernaturally acute eyesight. (SInv)
Armour fits poorly on your strangely shaped body.
You can roll at nearby foes to attack.
You have a long armoured tail.


Message History

There is an open door here.
There is an open door here.
There is a stone staircase leading down here.
You climb downwards.
There is a stone staircase leading up here.
There is a stone staircase leading up here.
There is a stone staircase leading down here.
Found a hammer.
Found a runed translucent door.
Crazy Yiuf shouts!
Crazy Yiuf says, "Goober horse shoe!"
Crazy Yiuf yells, "Peeping seventy snail!"
You open the door.
Crazy Yiuf yells, "Two!
Rot fast cower."
You barely miss Crazy Yiuf.
Crazy Yiuf hits you with a +2 quarterstaff of chaos!
You hit Crazy Yiuf. You tail-slap Crazy Yiuf.
Crazy Yiuf is moderately wounded.
Crazy Yiuf hits you with a +2 quarterstaff of chaos!
You are electrocuted!!
* * * LOW HITPOINT WARNING * * *
Crazy Yiuf yells, "Snurf!"
Crazy Yiuf barely misses you.
Press: ? - help, v - describe, . - travel
Here: Crazy Yiuf, wielding a +2 quarterstaff of chaos and wearing a +0 cloak (moderately wounded)
An open translucent door.
You hit Crazy Yiuf.
Crazy Yiuf is moderately wounded.
Crazy Yiuf hits you with a +2 quarterstaff of chaos!
* * * LOW HITPOINT WARNING * * *
You feel yourself slow down.
Press: ? - help, v - describe, . - travel
Here: Crazy Yiuf, wielding a +2 quarterstaff of chaos and wearing a +0 cloak (moderately wounded)
An open translucent door, spattered with blood.
Okay, then.
You hit Crazy Yiuf but do no damage.
Crazy Yiuf is moderately wounded.
Crazy Yiuf hits you with a +2 quarterstaff of chaos.
* * * LOW HITPOINT WARNING * * *
You are electrocuted!!
You die...

##### #..)#
#...# ## ...
..# #g# #.#
##@# ### #.#
#.## #.# #.#
##.# #.# #.#
#.##
#.########.#
##.##
#.##.......#
#...##
#.##.####..#
#....# #.##>#
#... #....#
##.#.#####.#
##..##
####........#


You could see Crazy Yiuf.

Vanquished Creatures
  Natasha (twice) (D:2)
  Robin (D:2)
  5 adders
  A dart slug (D:1)
  An orc (D:3)
  3 giant cockroaches
  9 goblins
  10 hobgoblins
  3 quokkas
  12 ball pythons
  4 bats
  3 frilled lizards
  5 kobolds
  5 rats
64 creatures vanquished.

Notes
Turn   | Place    | Note
-------+----------+-------------------------------------------
     0 | D:1      | monsoonserge the Palentonga Fighter began the quest for the
                  | Orb.
     0 | D:1      | Reached XP level 1. HP: 19/19 MP: 1/1
   159 | D:1      | Reached XP level 2. HP: 25/25 MP: 2/2
   947 | D:2      | Noticed Robin
   956 | D:2      | Reached XP level 3. HP: 17/31 MP: 3/3
   968 | D:2      | Killed Robin
  1941 | D:2      | Noticed Natasha
  1944 | D:2      | Reached XP level 4. HP: 31/37 MP: 4/4
  1952 | D:2      | Killed Natasha
  2147 | D:2      | Noticed Natasha
  2151 | D:2      | Killed Natasha
  2287 | D:3      | Found a faded altar of an unknown god.
  2293 | D:3      | Reached XP level 5. HP: 40/43 MP: 5/5
  2540 | D:3      | Reached skill level 1 in Dodging
  3035 | D:3      | Found a runed translucent door.
  3036 | D:3      | Noticed Crazy Yiuf
  3042 | D:3      | HP: 2/43 [Crazy Yiuf/+2 quarterstaff of chaos (7)]
  3043 | D:3      | Demolished by Crazy Yiuf

Illustrated notes

Levels and vault maps discovered:
D:1:      dpeg_arrival_oval, layout_loops_ring, grunt_decor_one_mirror
D:2:      layout_loops_corners, uniq_natasha, uniq_robin
D:3:      layout_loops_ring, nicolae_ecumenical_snake_handling,
          uniq_crazy_yiuf_cottage

Skill      XL: |  1  2  3  4  5 |
---------------+----------------+-----
Armour         | 3 |  3.5
Axes           | 3 |  3.5
Shields        | 3 |  3.0
Dodging        | 1 |  1.0
Fighting       | |  3.5

Action                   |  1- 3 |  4- 6 || total
-------------------------+-------+-------++-------
Melee: War axe           |   105 |    71 ||   176
       Tailslap          |     9 |     5 ||    14
 Abil: Rolling Charge    |    28 |    12 ||    40
Armor: Scale mail        |    51 |    47 ||    98
Dodge: Dodged            |    39 |    29 ||    68
Block: Buckler           |    12 |     7 ||    19
